 Dungeon Crawl Stone Soup version 0.27.1-3-gb3d3a73c9e (webtiles) character file.

Game seed: 7643807039068219675

52 Descartes the Ruffian (level 3, -3/36 HPs)
             Began as a Troll Chaos Knight on Oct 22, 2021.
             Was a Plaything of Xom.
             Slain by a gnoll (7 damage)
             ... on level 3 of the Dungeon.
             The game lasted 00:01:51 (1144 turns).

Descartes the Ruffian (Troll Chaos Knight)          Turns: 1144, Time: 00:01:52

Health: -3/36      AC:  6    Str: 20    XL:     3   Next: 60%
Magic:  2/2        EV: 10    Int:  8    God:    Xom [*.....]
Gold:   68         SH:  0    Dex: 10    Spells: 2/2 levels left

rFire    . . .     SeeInvis .     - Unarmed
rCold    . . .     Faith    +   (no shield)
rNeg     . . .     Spirit   .   a - +2 robe
rPois    .         Reflect  .   (helmet restricted)
rElec    .         Harm     .   (no cloak)
rCorr    .         Rampage  .   (gloves unavailable)
Will     .....                  (boots unavailable)
Stlth    +.........             h - amulet of faith
HPRegen  1.12/turn              (no ring)
MPRegen  0.08/turn              (no ring)

@: confused
A: large, unfitting armour, claws 3, regeneration 1, shaggy fur 1, tough skin 1
a: Renounce Religion


You were on level 3 of the Dungeon.
You worshipped Xom.
You were a special plaything of Xom.
You visited 1 branch of the dungeon, and saw 4 of its levels.

You collected 68 gold pieces.

Inventory:

Missiles
 b - 34 stones (quivered)
 g - 19 bolts
 j - 27 sling bullets
 o - 22 arrows
Armour
 a - a +2 robe (worn)
Magical Staves
 d - a staff of earth
Jewellery
 h - an amulet of faith (around neck)
Scrolls
 c - a scroll of identify {unknown}
 e - a scroll of teleportation {unknown}
 i - a scroll of fear {unknown}
 m - a scroll of enchant weapon {unknown}
 n - a scroll of noise {unknown}
Potions
 f - a potion of brilliance {unknown}
 k - a potion of haste {unknown}
 l - a potion of flight {unknown}


   Skills:
 - Level 2.4 Fighting
 - Level 1.9 Dodging
 + Level 4.6 Unarmed Combat


You had 2 spell levels left.
You didn't know any spells.
Your spell library contained the following spells:

 Spells                   Type           Power      Damage    Failure   Level
 Gell's Gravitas          Tloc           0%         N/A       78%         3
 Lesser Beckoning         Tloc           0%         N/A       78%         3
 Teleport Other           Tloc           0%         N/A       78%         3


Dungeon Overview and Level Annotations

Branches:
Dungeon (4/15)
 Temple: D:4-7

Altars:


Innate Abilities, Weirdness & Mutations

You are too large for most types of armour.
You have claws for hands.
Your natural rate of healing is unusually fast.
You are covered in fur. (AC +1)
You have tough skin. (AC +1)


Message History

You are too confused!
You are too confused!
You are too confused!
You are too confused!
You are too confused!
You are too confused!
You are too confused!
You are too confused!
Unknown command.
The gnoll hits you but does no damage. The gnoll hits you with a +0 flail!
You closely miss the gnoll.
The gnoll is lightly wounded.
The gnoll closely misses you.
You barely miss the gnoll. The gnoll hits you with a +0 flail!
The gnoll hits you with a +0 flail.
You bump into the rock wall.
The gnoll closely misses you. The gnoll barely misses you.
Unknown command.
The gnoll hits you but does no damage. The gnoll hits you with a +0 flail!
* * * LOW HITPOINT WARNING * * *
You feel less confused. The gnoll hits you with a +0 flail!
* * * LOW HITPOINT WARNING * * *
"Heh heh heh..."
You are confused.
The gnoll looks rather confused.
You see here a scroll labelled JYCOMIECLE.
There is an escape hatch in the floor here.
You closely miss the gnoll.
The gnoll is lightly wounded.
The gnoll barely misses you.
You're too confused to move!
The gnoll hits you with a +0 flail.
* * * LOW HITPOINT WARNING * * *
You're too confused to move!
The gnoll hits you with a +0 flail.
* * * LOW HITPOINT WARNING * * *
You bump into the rock wall. "Hum-dee-hum-dee-hum..."
The gnoll suddenly seems more agile.
The gnoll hits you with a +0 flail!
You die...
Xom chortles!

#.####.# #.# #.# .
.# #.# #.# .#..
#.# #.# ..>
#.####.### #.# #
#.##.....# ##.##.#
.#.#.....## #.....
# #.......#####.)#
#.#........@ggg.#
#.##.....######.##
## ###.### #.# #.#
#.# #.# #.# #. #.#
#.# #.#


You could see 2 gnolls and a goblin.

Vanquished Creatures
  A gnoll (D:3)
  4 bats
  3 endoplasms
  A giant cockroach (D:4)
  2 goblins (D:1)
  2 hobgoblins (D:1)
  7 jackals
  6 kobolds
  2 ball pythons
  3 frilled lizards (D:1)
  7 rats (D:1)
38 creatures vanquished.

Vanquished Creatures (others)
  A goblin (D:1)
1 creature vanquished.

Grand Total: 39 creatures vanquished

Notes
Turn   | Place    | Note
-------+----------+-------------------------------------------
     0 | D:1      | Descartes the Troll Chaos Knight began the quest for the
                  | Orb.
     0 | D:1      | Reached XP level 1. HP: 22/22 MP: 0/0
    27 | D:1      | XOM: divination: detect creatures
   113 | D:1      | Reached XP level 2. HP: 29/29 MP: 1/1
   260 | D:1      | XOM: silly message
   264 | D:1      | XOM: enchant monster (good)
   273 | D:1      | Reached skill level 4 in Unarmed Combat
   398 | D:1      | XOM: silly message
   415 | D:1      | Found a faded altar of an unknown god.
   755 | D:1      | Reached XP level 3. HP: 36/36 MP: 2/2
  1083 | D:2      | You fall into a shaft and drop 2 floors!
  1132 | D:3      | XOM: confusion
  1139 | D:3      | XOM: confusion (+ monsters)
  1144 | D:3      | XOM: enchant monster (bad)
  1144 | D:3      | Slain by a gnoll

Illustrated notes

Levels and vault maps discovered:
D:1:      dpeg_arrival_ratfight, layout_loops_ring,
          dilly_ecumenical_altar_fadedgnrine, minmay_misc_feat_roman,
          hangedman_decor_opposing, chequers_avenue, st_stairs_9,
          hangedman_decor_slide_cut, chequers_serial_rivers_micro_c,
          minmay_indecisive_spiral
D:2:      layout_loops_ring
D:3:      layout_loops_ring, minmay_surrounded
D:4:      layout_rooms, minmay_temple_entry_hall, nicolae_zen_rock_garden,
          minmay_distorted, uniq_sigmund, uniq_duvessa, uniq_natasha,
          uniq_menkaure

Skill      XL: |  1  2 |
---------------+-------+-----
Unarmed Combat | 4 |  4.6
Fighting       | |  2.4
Dodging        | |  1.9

Action                   || total
-------------------------++-------
Melee: Unarmed           ||    93
       Punch             ||     1
Armor: Robe              ||    41
Dodge: Dodged            ||    41
